 Dungeon Crawl Stone Soup version 0.16.1-51-g6203257 (webtiles) character file.

52 uhvn the Insei (level 3, 0/20 HPs)
             Began as a Vine Stalker Monk on July 9, 2015.
             Slain by Terence
             ... wielding a +1 flail of protection
              (3 damage)
             ... on level 2 of the Dungeon.
             The game lasted 00:03:39 (1330 turns).

uhvn the Insei (Vine Stalker Monk)                  Turns: 1330, Time: 00:03:39

Health: 0/20       AC:  4    Str: 13    XL:     3   Next: 85%
Magic:  0/4        EV: 14    Int: 10    God:
Gold:   88         SH:  0    Dex: 17    Spells: 0 memorised, 2 levels left

rFire  . . .     SeeInvis .       - Unarmed
rCold  . . .     Clarity  .     a - +0 robe
rNeg   . . .     SustAb   .     (no shield)
rPois  .         Gourm    .     (no helmet)
rElec  .         Spirit   +     (no cloak)
rCorr  .         Warding  .     l - +1 pair of gloves
rMut   .         Stasis   .     (no boots)
MR     .....                    (no amulet)
Stlth  ++........               (no ring)
                                (no ring)

@: not resistant to hostile enchantments, unstealthy
A: fangs 2, regeneration 1, magic shield, antimagic bite, no device heal 3, rot
immunity
a: no special abilities


You were on level 2 of the Dungeon.
You were not hungry.

You visited 1 branch of the dungeon, and saw 2 of its levels.

You collected 88 gold pieces.

Inventory:

Hand weapons
 e - a +0 dagger
Armour
 a - a +0 robe (worn)
 c - a +0 pair of gloves
 l - a +1 pair of gloves (worn)
Jewellery
 t - an uncursed ring of see invisible {unknown}
Scrolls
 i - 2 scrolls of blinking {unknown}
 k - a scroll of random uselessness {unknown}
 m - a scroll of immolation {unknown}
 n - 2 scrolls of identify {unknown}
 r - a scroll of remove curse {unknown}
Potions
 d - 2 potions of curing {unknown}
 f - a potion of flight {unknown}
 g - 3 potions of agility {unknown}
 j - 2 potions of heal wounds {unknown}
 o - a potion of resistance {unknown}
 p - a potion of brilliance {unknown}
 q - a potion of might {unknown}
Comestibles
 b - 2 bread rations
 h - a slice of pizza
 s - 2 meat rations


   Skills:
 * Level 3.2 Fighting
 * Level 3.2 Dodging
 + Level 3.0 Stealth
 - Level 4.0 Unarmed Combat


You had 2 spell levels left.
You didn't know any spells.

Dungeon Overview and Level Annotations

Branches:
Dungeon (2/15)

Altars:

Annotations:
D:2 Terence


Innate Abilities, Weirdness & Mutations

You have extremely sharp teeth.
Your natural rate of healing is unusually fast.
When hurt, damage is shared between your health and your magic reserves.
Your bite disrupts and absorbs the magic of your enemies.
Potions and wands cannot restore your health.
You are immune to rotting.


Message History

You hit Terence but do no damage. Your bite misses Terence.
Terence is severely wounded.
Terence closely misses you.
You hit Terence but do no damage. You bite Terence, but do no damage.
Terence is severely wounded.
Terence closely misses you.
You barely miss Terence. Your punch misses Terence.
Terence is severely wounded.
Terence hits you with a flail of protection.
* * * LOW HITPOINT WARNING * * *
You hit Terence but do no damage. Your bite misses Terence.
Terence is severely wounded.
You barely miss Terence. You bite Terence. You drain his power.
You feel invigorated.
Terence is severely wounded.
Terence closely misses you.
You hit Terence but do no damage. You bite Terence, but do no damage.
Terence is severely wounded.
Terence hits you with a flail of protection.
You die...

#.# #.###.## #.###.......
####.........# ......#....###
#####.....## . ####.## #####.##
#.# #.. ...# #.# #@# #..# ##'##
#@###..# # ##...## #.##...# #
##.....## #.##.#.# #
##..†....## #.#..#.#
####.........###......########.
...'.........+........)........
####.........####....#########.
# ##.......###.........#
##.....## #.........#


You could see Terence.

Vanquished Creatures
  2 adders (D:2)
  6 bats
  A giant cockroach (D:2)
  4 goblins
  4 hobgoblins
  3 jackals (D:2)
  4 ball pythons
  A giant newt (D:1)
  5 kobolds
  7 rats
37 creatures vanquished.

Notes
Turn   | Place    | Note
--------------------------------------------------------------
     0 | D:1      | uhvn, the Vine Stalker Monk, began the quest for the Orb.
     0 | D:1      | Reached XP level 1. HP: 11/11 MP: 1/1
   344 | D:1      | Reached XP level 2. HP: 16/16 MP: 3/3
   903 | D:2      | Reached XP level 3. HP: 18/20 MP: 4/4
  1310 | D:2      | Noticed Terence
  1330 | D:2      | Slain by Terence

Action                   || total
-------------------------++-------
Melee: Unarmed           ||   122
 Stab: Sleeping          ||     4
       Distracted        ||     1
  Eat: Chunk             ||     1
